 Dungeon Crawl Stone Soup version 0.31-a0-854-g362426d53f (webtiles) character file.

Game seed: 9905556264483236894

18 avis the Charlatan (level 2, 13/13 HPs)
             Began as a Felid Artificer on Oct 8, 2023.
             Got out of the dungeon alive.
             The game lasted 00:05:28 (979 turns).

avis the Charlatan (Felid Artificer)                 Turns: 979, Time: 00:05:29

Health: 13/13      AC:  1    Str:  8    XL:     2   Next: 51%
Magic:  3/3        EV: 18    Int: 12    God:
Gold:   71         SH:  0    Dex: 16    Spells: 1/1 levels left
                                        Lives:  0   Deaths: 1

rFire   . .          .
                       - Unarmed
rCold   . . .        (shield unavailable)
rNeg    . . .        (body armour unavailable)
rPois   .            (helmet unavailable)
rElec   .            (cloak unavailable)
rCorr   .            (gloves unavailable)
SInv    +            (boots unavailable)
Will    .....        (no amulet)
Stlth   ++           (no ring)
HPRegen 0.22/turn    (no ring)
MPRegen 0.08/turn

%: no passive effects
@: quick
A: very small, claws 1, fangs 3, see invisible, speed 1, shaggy fur 1, stealthy
paws, no weapons or thrown items, no armour, multi-lived
a: no special abilities


You escaped.
You visited 1 branch of the dungeon, and saw 2 of its levels.

You collected 71 gold pieces.

Inventory:

Wands
 a - a wand of flame (15) (quivered)
 b - a wand of charming (15)
 c - a wand of iceblast (5)
Scrolls
 g - a scroll of teleportation {unknown}
 i - a scroll of enchant armour {unknown}
 j - a scroll of fear {unknown}
Potions
 d - a potion of lignification {unknown}
 e - 2 potions of curing {unknown}
 f - a potion of resistance {unknown}
 h - a potion of heal wounds {unknown}


   Skills:
 - Level 2.0 Fighting
 - Level 3.2 Dodging
 - Level 1.3 Stealth
 * Level 1.4 Unarmed Combat
 - Level 3.2 Evocations


You had one spell level left.
You didn't know any spells.
Your spell library was empty.

Dungeon Overview and Level Annotations

Branches:
Dungeon (2/15)

Altars:


Innate Abilities, Weirdness & Mutations

You have sharp claws.
You have razor-sharp teeth.
You have supernaturally acute eyesight. (SInv)
You cover ground quickly. (Speed+)
You are covered in fur. (AC +1)
Your paws help you pounce on unaware monsters.
You are incapable of wielding weapons or throwing items.
You cannot wear armour.
You gain extra lives every three experience levels.


Message History

The worm is lightly wounded.
You scratch the worm. Your bite misses the worm.
The worm is moderately wounded.
The worm barely misses you.
You scratch the worm.
The worm is heavily wounded.
The worm bites you.
You scratch the worm.
The worm is heavily wounded.
You scratch the worm but do no damage.
The worm is heavily wounded.
The worm barely misses you.
You completely miss the worm.
The worm is heavily wounded.
You scratch the worm but do no damage. You bite the worm, but do no damage.
The worm is heavily wounded.
The worm bites you.
* * * LOW HITPOINT WARNING * * *
You start resting.
A worm is nearby!
You start resting.
A worm is nearby!
You start resting.
HP restored.
You scratch the worm.
The worm is lightly wounded.
You barely miss the worm.
The worm is lightly wounded.
The worm bites you!
Ouch! That really hurt!
You scratch the worm but do no damage.
The worm is lightly wounded.
The worm bites you!
Ouch! That really hurt!
You die...
You rejoin the land of the living...
There is an open door here.
There is an open door here.
There is a staircase leading out of the dungeon here.
You have escaped!

#################################
..........................).....#
..####')..####..#######...#####.#
..# ##...####..#### #...'####.#
..#####...#'##..##'####.........#
..........................##'##.#
..........#'###........>..#####.#
.'####....### #..........(# #.#
.## #....# #.@..+####..# #.#
.#####....#####....#####..#####.#
................................#
#################################
#...#........# ##.....†w....#
####..........####...#####[##.##
.....#..........##...# ##.##..#
...########.###......####..###.##
...# #.######..............#


There were no monsters in sight!

Vanquished Creatures
  2 ball pythons (D:1)
  An endoplasm (D:1)
  A goblin (D:1)
  A hobgoblin (D:1)
  2 jackals (D:1)
  3 quokkas (D:1)
  3 bats (D:1)
  A frilled lizard (D:1)
  A kobold (D:1)
  2 rats (D:1)
17 creatures vanquished.

Notes
Turn   | Place    | Note
-------+----------+-------------------------------------------
     0 | D:1      | avis the Felid Artificer began the quest for the Orb.
     0 | D:1      | Reached XP level 1. HP: 9/9 MP: 2/2
   151 | D:1      | Reached skill level 1 in Unarmed Combat
   250 | D:1      | Reached XP level 2. HP: 13/13 MP: 3/3
   258 | D:1      | Found a faded altar of an unknown god.
   939 | D:1      | Slain by a worm
   979 | D:$      | Got out of the dungeon alive.

Illustrated notes

Levels and vault maps discovered:
D:1:      shiori_angband_town, layout_rooms,
          hellmonk_ecumenical_altar_crossroads, kennysheep_minor_cross
D:2:      layout_basic, serial_shops, nicolae_shop_tiny_statue_garden,
          serial_bayou_lagoon_a, amethyst_killhole

Skill      XL: |  1  2 |
---------------+-------+-----
Unarmed Combat | 1 |  1.4
Fighting       | 2 |  2.0
Dodging        | |  3.2
Stealth        | |  1.3
Evocations     | |  3.2

Action                     || total
---------------------------++-------
  Melee: Unarmed           ||    73
         Bite              ||     8
         Punch             ||     1
   Stab: Sleeping          ||     5
 Armour: Skin              ||    17
  Dodge: Dodged            ||    54

Table legend: (Time is in decaauts)
 A = Elapsed time spent in this place.
 B = Non-inter-level travel time spent in this place.
 C = Inter-level travel time spent in this place.
 D = Time resting spent in this place.
 E = Time spent auto-exploring this place.
 F = Levels seen in this place.
 G = Mean time per level.
                   A        B        C        D        E       F      G
               +--------+--------+--------+--------+--------+-----+--------+
         Total |    834 |    748 |     86 |    131 |    270 |   2 |  417.0 |
       Dungeon |    834 |    748 |     86 |    131 |    270 |   2 |  417.0 |
               +--------+--------+--------+--------+--------+-----+--------+

Top non-repeatable levels by time:
     D:1: 820 daAuts
     D:2: 14 daAuts
